 Dungeon Crawl Stone Soup version 0.30-a0-972-gf3ab3527aa (webtiles) character file.

Game seed: 3382712659050963107

345 jjjjhere the Grappler (level 7, 0/56 HPs)
             Began as a Meteoran Reaver on Mar 31, 2023.
             Slain by an orc
             ... wielding a +0 whip
              (3 damage)
             ... on level 4 of the Dungeon.
             The game lasted 00:05:30 (1621 turns).

jjjjhere the Grappler (Meteoran Reaver)             Turns: 1621, Time: 00:05:31

Health: 0/56       AC:  7    Str: 15    XL:     7   Next: 14%
Magic:  12/12      EV: 11    Int: 15    God:
Gold:   94         SH:  0    Dex: 13    Spells: 10/11 levels left

rFire   . . .      SeeInvis .      - Unarmed
rCold   . . .      Faith    .    (no shield)
rNeg    . . .      Spirit   .    i - +0 ring mail
rPois   .          Reflect  .    (no helmet)
rElec   .          Rampage  .    f - +0 cloak
rCorr   +                        (no gloves)
Will    .....                    k - +0 pair of boots
Stlth   +                        (no amulet)
HPRegen 0.29/turn                p - ring of resist corrosion
MPRegen 0.13/turn                (no ring)

@: attractive, glowing
A: sense surroundings 1, otherworldly, glowing, explore regen
a: no special abilities


You were on level 4 of the Dungeon.
You visited 1 branch of the dungeon, and saw 4 of its levels.

You collected 124 gold pieces.
You spent 30 gold pieces at shops.

Inventory:

Armour
 a - a +0 leather armour
 f - a +0 cloak (worn)
 i - a +0 ring mail (worn)
 k - a +0 pair of boots (worn)
Jewellery
 p - a ring of resist corrosion (left hand)
Scrolls
 b - 4 scrolls of teleportation
 c - 2 scrolls of enchant armour {unknown}
 e - 4 scrolls of identify {unknown}
 g - a scroll of poison {unknown}
 l - 2 scrolls of enchant weapon {unknown}
Potions
 d - a potion of attraction
 h - a potion of curing {unknown}
 j - a potion of invisibility {unknown}
 m - a potion of mutation {unknown}
 n - a potion of brilliance {unknown}
 o - a potion of lignification {unknown}


   Skills:
 - Level 2.3 Fighting
 - Level 2.6 Dodging
 + Level 8.3 Unarmed Combat
 - Level 2.9 Spellcasting
 - Level 3.8 Conjurations


You had 10 spell levels left.
You knew the following spells:

 Your Spells              Type           Power      Damage    Failure   Level
a - Kiss of Death         Conj/Necr      28%        2d7       19%         1

Your spell library contained the following spells:

 Spells                   Type           Power      Damage    Failure   Level
 Momentum Strike          Conj/Tloc      14%        3d8       28%         2
 Hailstorm                Conj/Ice       7%         3d4       50%         3
 Ozocubu's Armour         Ice            2%         N/A       77%         3
 Metabolic Englaciation   Hex/Ice        1%         N/A       100%        5
 Simulacrum               Ice/Necr       1%         N/A       100%        6


Dungeon Overview and Level Annotations

Branches:
Dungeon (4/15) Zot: 808
 Temple: D:4-7

Altars:

Shops:
D:1 ?

Annotations:
D:3 2 runed translucent doors, Darkkill's ghost, amateur MiHu


Innate Abilities, Weirdness & Mutations

You passively map a small area around you.
You are easily found by Zot.
You glow in the dark.
You regain HP and MP as you explore.


Message History

The orc priest shouts!
The orc hits you with a +0 club.
You barely miss the orc priest. The orc hits you with a +0 club.
The orc priest hits you with a +0 flail.
You hit the orc priest. Your punch misses the orc priest.
The orc priest is heavily wounded.
You hit the orc priest. You punch the orc priest.
The orc priest is almost dead.
The orc priest hits you with a +0 flail.
The orc hits you with a +0 whip.
You barely miss the orc priest.
The orc priest is almost dead.
The orc hits you but does no damage.
The orc priest looks encouraged for a moment.
The orc priest casts a cantrip, but nothing happens.
The orc hits you with a +0 hand axe. The orc barely misses you.
You hit the orc priest.
You kill the orc priest!
The orc hits you with a +0 whip. The orc misses you.
A ball python comes into view.
The orc hits you with a +0 whip. The orc closely misses you.
The orc priest invokes the aid of Beogh against you.
Beogh smites you! The orc hits you but does no damage.
Things that are here:
a +0 flail; an orc corpse The orc attacks as you move away!
The orc barely misses you. The orc attacks as you move away!
The orc hits you with a +0 whip.
* * * LOW HITPOINT WARNING * * *
The ball python hisses angrily.
The orc priest invokes the aid of Beogh against you.
Beogh smites you!
* * * LOW HITPOINT WARNING * * *
Okay, then.
You aren't carrying any items that you can evoke.
Okay, then.
It was a potion of attraction.
You feel attractive to monsters.
The orc priest begins to cast a cantrip, but forgets the words!
The orc hits you with a +0 whip.
You die...

....# ######.......##
* ....#
##.............# ....#
##.............#
....###.†............#
....##...............#
####..##)...........#
*
###..###............#
* * #...##
#.......)o...# *,*
...## #.......o@...#
.##### #.......oo...#
.....# ##...........#
,* .....#*
##.....##....# ......#
#######*...S# # ,
....### *#...# * #..#
.#### ...# #. ## *
.... * , *## ,


You could see an orc priest, 3 orcs and a ball python.

Vanquished Creatures
  A howler monkey (D:4)
  2 hounds
  An orc priest (D:4)
  Terence (D:3)
  An iguana (D:4)
  An orc wizard (D:4)
  5 adders
  2 dart slugs
  6 orcs
  5 bats
  6 endoplasms
  10 giant cockroaches
  6 goblins
  8 hobgoblins
  4 jackals (D:1)
  8 kobolds
  4 quokkas
  5 ball pythons
  2 frilled lizards
  3 rats
81 creatures vanquished.

Notes
Turn   | Place    | Note
-------+----------+-------------------------------------------
     0 | D:1      | jjjjhere the Meteoran Reaver began the quest for the Orb.
     0 | D:1      | Reached XP level 1. HP: 17/17 MP: 5/5
    26 | D:1      | Reached XP level 2. HP: 24/24 MP: 6/6
    64 | D:1      | Reached skill level 4 in Unarmed Combat
   226 | D:1      | Reached XP level 3. HP: 30/30 MP: 8/8
   306 | D:1      | Found Heec's Magic Scroll Shoppe.
   317 | D:1      | Bought a scroll of teleportation for 30 gold pieces
   485 | D:2      | Reached XP level 4. HP: 36/37 MP: 9/9
   652 | D:2      | Reached skill level 5 in Unarmed Combat
   949 | D:3      | Reached skill level 6 in Unarmed Combat
   949 | D:3      | Reached XP level 5. HP: 37/42 MP: 10/10
   996 | D:3      | HP: 13/42 [adder (1)]
  1072 | D:3      | Found a runed translucent door.
  1073 | D:3      | Noticed Darkkill's ghost (amateur MiHu)
  1094 | D:3      | Noticed Terence
  1102 | D:3      | Killed Terence
  1103 | D:3      | Reached XP level 6. HP: 46/49 MP: 11/11
  1141 | D:3      | Reached skill level 7 in Unarmed Combat
  1324 | D:3      | Found a runed translucent door.
  1508 | D:4      | Reached skill level 8 in Unarmed Combat
  1508 | D:4      | Reached XP level 7. HP: 42/56 MP: 12/12
  1619 | D:4      | HP: 17/56 [orc priest/divine providence (14)]
  1620 | D:4      | HP: 3/56 [orc priest/divine providence (12)]
  1621 | D:4      | Slain by an orc

Illustrated notes

Levels and vault maps discovered:
D:1:      nzn_arrival_settlement, layout_basic, serial_shops,
          nicolae_shop_window_shopping, basic_ecumenical_altar
D:2:      layout_basic
D:3:      layout_rooms, ebering_ghost_sewer_f, columned_hall_lemuel,
          uniq_terence, uniq_crazy_yiuf_cottage
D:4:      layout_cave_pods

Skill      XL: |  1  2  3  4  5  6 |
---------------+-------------------+-----
Unarmed Combat | 4 6 8 |  8.3
Fighting       | |  2.3
Dodging        | |  2.6
Spellcasting   | |  2.9
Conjurations   | |  3.8

Action                     |  1- 3 |  4- 6 |  7- 9 || total
---------------------------+-------+-------+-------++-------
  Melee: Unarmed           |    89 |   166 |    21 ||   276
         Punch             |     4 |     4 |     2 ||    10
    Use: Potion            |       |       |     1 ||     1
 Armour: Leather armour    |    42 |       |       ||    42
         Ring mail         |       |    85 |     6 ||    91
  Dodge: Dodged            |    50 |    63 |    10 ||   123

Table legend: (Time is in decaauts)
 A = Elapsed time spent in this place.
 B = Non-inter-level travel time spent in this place.
 C = Inter-level travel time spent in this place.
 D = Time resting spent in this place.
 E = Time spent auto-exploring this place.
 F = Levels seen in this place.
 G = Mean time per level.
                   A        B        C        D        E       F      G
               +--------+--------+--------+--------+--------+-----+--------+
         Total |   1590 |   1565 |     25 |      0 |     87 |   4 |  397.5 |
       Dungeon |   1590 |   1565 |     25 |      0 |     87 |   4 |  397.5 |
               +--------+--------+--------+--------+--------+-----+--------+

Top non-repeatable levels by time:
     D:2: 508 daAuts
     D:1: 419 daAuts
     D:3: 378 daAuts
     D:4: 284 daAuts
